 Dungeon Crawl Stone Soup version 0.31-a0-986-g5e6e4ef867 (webtiles) character file.

Game seed: 5838241465983295397

114 Midpoint the Caller (level 5, -6/35 HPs)
             Began as a Human Summoner on Nov 18, 2023.
             Mangled by Blork the orc
             ... wielding a +0 long sword
              (14 damage)
             ... on level 4 of the Dungeon.
             The game lasted 00:18:16 (2985 turns).

Midpoint the Caller (Human Summoner)                Turns: 2985, Time: 00:18:17

Health: -6/35      AC:  3    Str:  8    XL:     5   Next: 18%
Magic:  5/8        EV: 11    Int: 17    God:
Gold:   115        SH:  0    Dex: 14    Spells: 2/8 levels left

rFire   + . .        n - +0 short sword
rCold   + . .        (no shield)
rNeg    . . .        g - +0 leather armour
rPois   .            (no helmet)
rElec   .            (no cloak)
rCorr   .            (no gloves)
SInv    .            (no boots)
Will    .....        s - amulet of regeneration
Stlth   ++           d - ring of protection from fire
HPRegen 1.05/turn    j - ring of protection from cold
MPRegen 0.11/turn

%: no passive effects
@: no status effects
A: no striking features
a: no special abilities


You were on level 4 of the Dungeon.
You visited 1 branch of the dungeon, and saw 5 of its levels.

You collected 115 gold pieces.

Inventory:

Hand Weapons
 c - a +0 dagger
 m - a +0 quarterstaff
 n - a +0 short sword (weapon)
Missiles
 u - 2 poisoned darts
Armour
 a - a +0 robe
 g - a +0 leather armour (worn)
 o - the +0 chain mail "Necext Hocy" {Will+}
   (You found it on level 3 of the Dungeon)

   Will+:     It increases your willpower.
Magical Staves
 r - a staff of cold
Jewellery
 d - a ring of protection from fire (left hand)
 e - a ring of ice
 j - a ring of protection from cold (right hand)
 s - an amulet of regeneration (around neck)
Talismans
 k - a flux talisman
Scrolls
 h - 2 scrolls of poison
 i - a scroll of fog {unknown}
 l - a scroll of amnesia {unknown}
 p - a scroll of teleportation {unknown}
 t - 2 scrolls of acquirement {unknown}
Potions
 f - a potion of heal wounds
 q - a potion of enlightenment {unknown}
 v - a potion of curing {unknown}


   Skills:
 - Level 2.0 Dodging
 + Level 3.4 Stealth
 - Level 2.0 Spellcasting
 * Level 5.5 Summonings


You had 2 spell levels left.
You knew the following spells:

 Your Spells              Type           Power      Damage    Failure   Level
a - Summon Small Mammal   Summ           80%        N/A       3%          1
b - Call Imp              Summ           40%        N/A       4%          2
c - Call Canine Familiar  Summ           20%        N/A       9%          3

Your spell library contained the following spells:

 Spells                   Type           Power      Damage    Failure   Level
 Summon Guardian Golem    Hex/Summ       11%        N/A       26%         3
 Sigil of Binding         Hex            1%         N/A       63%         3
 Summon Lightning Spire   Summ/Air       11%        N/A       65%         4
 Dimensional Bullseye     Hex/Tloc       0%         N/A       95%         4
 Leda's Liquefaction      Hex/Erth       0%         N/A       95%         4


Dungeon Overview and Level Annotations

Branches:
Dungeon (5/15)
 Temple: D:4-7

Altars:
Ashenzari
Gozag

Annotations:
D:4 Blork the orc


Message History

* * * LOW HITPOINT WARNING * * *
Unknown command.
It was a potion of heal wounds.
You feel much better. The giant cockroach barely misses you.
Blork the orc points at you and mumbles some strange words.
The puff of flame hits you. You resist.
The giant cockroach bites you but does no damage.
Cast which spell? (? or * to list) Blork the orc gestures at you while chanting.
The puff of flame misses you. The puff of flame hits your bat.
Your bat dies!
Your bat's corpse disappears in a puff of smoke!
Blork the orc closely misses you. The giant cockroach misses you.
Unknown command.
Okay, then.
Okay, then.
Okay, then.
You closely miss Blork the orc.
Blork the orc is almost dead.
Blork the orc looks braver for a moment.
The giant cockroach bites you.
Unknown command.
You hit Blork the orc but do no damage.
Blork the orc is almost dead.
Blork the orc barely misses you. The giant cockroach barely misses you.
Blork the orc hits you with a +0 long sword!
Unknown command.
Magic courses through your body.
Blork the orc hits you with a +0 long sword!
The giant cockroach misses you.
Unknown command.
Casting: Summon Small Mammal (safe; 3% risk of failure)
Confirm with . or Enter, or press ? or * to list all spells.
Blork the orc points at you and mumbles some strange words.
The magic dart hits you!
* * * LOW HITPOINT WARNING * * *
The giant cockroach bites you.
* * * LOW HITPOINT WARNING * * *
Blork the orc hits you with a +0 long sword!
You die...

.. #.#.#
.. #(#.#
# #.#.#
#.#.# #.#
#.# #.#
#o# #@#
.....hB.#
..?.#####
..


You could see Blork the orc (fast), a giant cockroach (ally target) and a
friendly hound (summoned).

Vanquished Creatures
  A goblin (D:1)
  2 jackals (D:1)
  A bat (D:1)
  A kobold (D:4)
  3 rats
8 creatures vanquished.

Vanquished Creatures (collateral kills)
  Jessica (D:2)
  2 adders (D:2)
  A worm (D:3)
  2 dart slugs
  3 endoplasms (D:1)
  4 giant cockroaches
  8 goblins
  3 hobgoblins (D:1)
  4 jackals (D:1)
  4 kobolds
  7 quokkas
  3 ball pythons
  A bat (D:1)
  2 frilled lizards
  3 rats
48 creatures vanquished.

Grand Total: 56 creatures vanquished

Notes
Turn   | Place    | Note
-------+----------+-------------------------------------------
     0 | D:1      | Midpoint the Human Summoner began the quest for the Orb.
     0 | D:1      | Reached XP level 1. HP: 13/13 MP: 3/3
   222 | D:1      | Reached XP level 2. HP: 19/19 MP: 3/5
   225 | D:1      | Learned a level 2 spell: Call Imp
   514 | D:1      | Reached XP level 3. HP: 21/24 MP: 2/6
   542 | D:1      | Learned a level 3 spell: Call Canine Familiar
  1213 | D:2      | Found an opulent altar of Gozag.
  1337 | D:2      | Reached skill level 5 in Summonings
  1337 | D:2      | Reached XP level 4. HP: 30/30 MP: 0/7
  1901 | D:2      | Noticed Jessica
  2207 | D:2      | Killed Jessica
  2456 | D:2      | Found a faded altar of an unknown god.
  2623 | D:3      | Reached XP level 5. HP: 35/35 MP: 4/8
  2644 | D:3      | Found a broken altar of Ashenzari.
  2703 | D:3      | Identified the +0 chain mail "Necext Hocy" {Will+}
  2762 | D:3      | You fall into a shaft and drop 2 floors!
  2762 | D:5      | Entered Level 5 of the Dungeon
  2763 | D:5      | Noticed a black bear
  2905 | D:4      | Noticed Blork the orc
  2985 | D:4      | Mangled by Blork the orc

Illustrated notes

Levels and vault maps discovered:
D:1:      dpeg_arrival_rooms_b, layout_basic, minmay_crystal_water
D:2:      layout_basic, basic_altar,
          dreamdust_ecumenical_altar_hidden_monk_grotto, uniq_jessica
D:3:      layout_basic, lemuel_tele_altar, zin_purify,
          chequers_temple_overflow_statue_of_worship, hex_tiny
D:4:      layout_basic, enter_ossuary_4, uniq_eustachio, uniq_blork_the_orc,
          uniq_sigmund
D:5:      layout_basic, tgw_kikubaaqudgha

Skill      XL: |  1  2  3 |
---------------+----------+-----
Stealth        | 3 |  3.4
Summonings     | 5 |  5.5
Dodging        | |  2.0
Spellcasting   | |  2.0

Action                     |  1- 3 |  4- 6 || total
---------------------------+-------+-------++-------
  Melee: Unarmed           |     6 |       ||     6
         Dagger            |    23 |     1 ||    24
         Short sword       |       |    16 ||    16
  Throw: Dart              |       |     3 ||     3
   Cast: Summon Small Mamm |    30 |    23 ||    53
         Call Imp          |    15 |    19 ||    34
         Call Canine Famil |       |     2 ||     2
    Use: Potion            |       |     2 ||     2
         Scroll            |       |     1 ||     1
   Stab: Sleeping          |     1 |       ||     1
 Armour: Robe              |    13 |       ||    13
         Leather armour    |       |    29 ||    29
  Dodge: Dodged            |    19 |    36 ||    55

Table legend: (Time is in decaauts)
 A = Elapsed time spent in this place.
 B = Non-inter-level travel time spent in this place.
 C = Inter-level travel time spent in this place.
 D = Time resting spent in this place.
 E = Time spent auto-exploring this place.
 F = Levels seen in this place.
 G = Mean time per level.
                   A        B        C        D        E       F      G
               +--------+--------+--------+--------+--------+-----+--------+
         Total |   2984 |   2887 |     97 |    276 |    995 |   5 |  596.8 |
       Dungeon |   2984 |   2887 |     97 |    276 |    995 |   5 |  596.8 |
               +--------+--------+--------+--------+--------+-----+--------+

Top non-repeatable levels by time:
     D:2: 1393 daAuts
     D:1: 1138 daAuts
     D:3: 230 daAuts
     D:4: 214 daAuts
     D:5: 7 daAuts
